Map: Eastwatch LE

Players

eretik - Winner!

  • Race: Terran Terran
  • League: Platinum
  • Spawn Location: 1:00

ILIEKEGGPIE

  • Race: Protoss Protoss
  • League: Platinum
  • Spawn Location: 7:00

VOD

Have the link to the VOD?

Description

Time

  • Played on: April 5, 2018, 8:17 p.m.
  • Length: 15:16
Show
View Real Time Build Order
Export as new Build Order

eretik Terran - Winner!

Build Orders: MMM Bio, Banshee Rush 

Get SALT Encoding   

  12  0:02  SCV  
  13  0:14  SCV  
  14  0:26  SCV  
  15  0:31  Refinery  
  15  0:43  Supply Depot  
  15  1:04  SCV  
  15  1:06  Barracks  
  16  1:13  Barracks  
  16  1:16  SCV  
  17  1:28  SCV  
  18  1:41  SCV  
  19  1:56  Factory  
  19  1:57  SCV  
  19  2:00  Marine x2  
  22  2:09  SCV  
  22  2:14  Refinery  
  23  2:21  Orbital Command, Supply Depot  
  23  2:26  Barracks Tech Lab  
  23  2:32  Barracks Reactor  
  23  2:41  Factory Tech Lab  
  23  2:45  Starport  
  23  2:55  Supply Depot  
  23  3:01  Widow Mine  
  25  3:09  Marine  
  25  3:10  Marine x2  
  28  3:20  Supply Depot  
  28  3:28  SCV  
  29  3:35  Banshee  
  29  3:37  Cloaking Field  
  29  3:40  SCV  
  33  3:52  SCV  
  34  3:59  Marine x2  
  34  4:00  Marine  
  37  4:07  Factory Tech Lab  
  37  4:15  Command Center  
  37  4:24  Banshee  
  40  4:38  Marine  
  40  4:39  Engineering Bay, Marine x2  
  43  4:48  SCV  
  44  5:02  Hyperflight Rotors  
  44  5:07  Banshee  
  47  5:45  SCV x2  
  49  5:57  SCV x2  
  51  6:09  SCV x2  
  50  6:21  SCV x2  
  52  6:33  SCV  
  52  6:34  SCV  
  54  6:45  SCV  
  54  6:46  SCV  
  56  6:52  Stimpack  
  56  6:56  Refinery x2  
  56  6:57  SCV  
  56  6:58  SCV  
  56  6:59  Banshee  
  56  7:01  Barracks x2  
  61  7:03  Barracks  
  61  7:09  SCV  
  62  7:17  SCV  
  62  7:21  SCV  
  61  7:29  SCV  
  62  7:43  Terran Infantry Weapons Level 1, SCV x2  
  67  7:51  Barracks x2  
  67  7:52  Raven  
  67  7:54  Barracks Tech Lab x3  
  67  7:55  SCV  
  67  8:03  Missile Turret  
  67  8:04  Missile Turret  
  67  8:05  Missile Turret  
  64  8:20  Orbital Command  
  64  8:23  Marauder  
  64  8:24  Marauder x3  
  72  8:33  Supply Depot  
  72  8:35  Raven  
  72  8:41  Barracks Tech Lab  
  74  8:42  Barracks Tech Lab, Supply Depot  
  74  8:43  Supply Depot  
  74  8:45  Marauder x2  
  78  8:53  Combat Shield  
  78  8:54  Marine  
  78  8:55  Marauder  
  81  9:06  Marine  
  82  9:12  Marine  
  83  9:41  Marauder x5, Marine  
  83  9:42  Marauder, Marine  
  97  9:45  Supply Depot  
  97  9:48  Supply Depot  
  97  9:49  Medivac  
  99  9:54  Terran Infantry Armor Level 1  
  99  9:59  Marine x2  
  100  10:02  Marauder, Marine x3  
  100  10:03  Marauder x2  
  110  10:17  Marine x2  
  110  10:20  Marine x3  
  79  11:16  SCV x2  
  81  11:22  Marauder  
  81  11:23  Marine  
  81  11:28  Marine x4  
  79  11:41  Marauder  
  79  11:43  Marauder  
  73  12:02  Marauder  
  75  12:23  Marine  
  76  12:33  Orbital Command  
  76  12:41  Marine  
  76  12:43  Raven  
  79  12:47  Marauder, Marine  
  79  12:48  Marauder x2, Marine x3  
  89  12:59  Marine  
  89  13:05  Marine  
  87  13:06  Marine x3  
  91  13:26  Viking  
  93  13:56  Viking  
  95  14:04  Missile Turret  
  95  14:08  Bunker  
  95  14:14  Bunker  
  95  14:18  Missile Turret  
  95  14:27  Marine x8  
  103  14:39  Medivac  
  103  14:44  Marine  
  103  14:45  Marine x4  
  110  15:00  Bunker  
Show
View Real Time Build Order
Export as new Build Order

ILIEKEGGPIE Protoss 

Build Orders:  

Get SALT Encoding   

  12  0:00  Probe  
  13  0:13  Probe  
  14  0:18  Pylon  
  14  0:25  Probe (Chrono Boost)  
  15  0:37  Probe (Chrono Boost)  
  15  0:39  Gateway  
  16  0:45  Assimilator  
  16  0:48  Probe (Chrono Boost)  
  17  0:59  Probe (Chrono Boost)  
  18  1:10  Probe (Chrono Boost)  
  19  1:14  Probe (Chrono Boost)  
  19  1:18  Gateway  
  20  1:26  Probe  
  20  1:27  Cybernetics Core  
  21  1:38  Probe  
  22  1:41  Assimilator  
  22  1:46  Pylon  
  22  2:05  Warp Gate  
  22  2:06  Stalker (Chrono Boost)  
  26  2:35  Stalker (Chrono Boost)  
  25  2:37  Probe  
  25  2:40  Nexus  
  25  2:42  Stalker (Chrono Boost)  
  28  2:50  Pylon  
  28  2:58  Probe  
  29  3:05  Stalker  
  31  3:11  Pylon  
  31  3:21  Robotics Facility  
  31  3:26  Stalker  
  33  3:31  Probe (Chrono Boost)  
  34  3:43  Probe (Chrono Boost)  
  35  3:49  Probe (Chrono Boost)  
  36  3:57  Probe  
  37  4:04  Forge  
  37  4:08  Gateway  
  37  4:10  Gateway  
  37  4:13  Probe  
  38  4:20  Observer (Chrono Boost)  
  39  4:27  Probe x2  
  41  4:32  Stalker x2  
  45  4:39  Probe  
  45  4:45  Immortal  
  50  4:49  Protoss Ground Weapons Level 1 (Chrono Boost)  
  50  5:00  Probe (Chrono Boost)  
  50  5:05  Pylon  
  50  5:06  Probe (Chrono Boost)  
  54  5:15  Probe (Chrono Boost)  
  54  5:18  Probe (Chrono Boost)  
  53  5:22  Probe (Chrono Boost)  
  53  5:25  Observer  
  53  5:26  Probe (Chrono Boost)  
  51  5:38  Assimilator  
  50  5:48  Assimilator  
  44  6:15  Immortal  
  48  6:28  Stalker x3  
  51  6:33  Protoss Ground Armor Level 1 (Chrono Boost)  
  51  6:57  Stalker  
  53  7:34  Probe (Chrono Boost)  
  55  7:40  Probe (Chrono Boost)  
  55  7:43  Probe (Chrono Boost)  
  56  7:46  Twilight Council  
  56  7:48  Stalker  
  56  7:49  Sentry  
  60  8:02  Immortal (Chrono Boost)  
  64  8:15  Probe (Chrono Boost)  
  66  8:20  Probe (Chrono Boost)  
  66  8:26  Probe (Chrono Boost)  
  67  8:28  Dark Shrine  
  67  8:32  Probe (Chrono Boost)  
  67  8:34  Probe (Chrono Boost)  
  69  8:40  Probe (Chrono Boost)  
  70  8:49  Protoss Ground Weapons Level 2  
  70  8:58  Pylon  
  70  8:59  Pylon  
  70  9:02  Warp Prism  
  69  9:28  Stalker  
  69  9:44  Photon Cannon  
  69  9:46  Photon Cannon  
  69  9:52  Photon Cannon  
  69  10:07  Photon Cannon  
  69  10:18  Dark Templar  
  68  10:27  Zealot x3  
  38  11:08  Probe, Stalker  
  38  11:09  Stalker x3  
  33  11:28  Sentry x2  
  27  11:53  Dark Templar x2  
  22  11:54  Zealot  
  22  11:55  Zealot  
  26  12:09  Probe (Chrono Boost)  
  26  12:15  Probe (Chrono Boost)  
  26  12:20  Archon  
  26  12:22  Stalker  
  28  12:33  Zealot  
  30  12:38  Sentry  
  32  12:49  Dark Templar  
  33  13:18  Probe  
  34  13:20  Immortal (Chrono Boost)  
  38  14:10  Nexus  
  38  14:24  Pylon  
  38  14:44  Dark Templar  
  38  14:57  Stalker x3  
Tags
 
Composition
MMM Bio
Matchup
PvT
Replay Pack
Multi
Spawn Locations
Cross Positions
Strategy
Banshee Rush
Add a new tag
Caveats
  • Supply blocks, unpowered buildings, or Contaminate may cause inaccurate times.
  • Supply counts are checked every 10 seconds.